 Dungeon Crawl Stone Soup version 0.25.1-8-g42b30a86e7 (webtiles) character file.

Game seed: 4923076744802527670

1505 Qrupt the Conjurer (level 8, -5/57 HPs)
             Began as a Demigod Conjurer on Dec 27, 2020.
             Slain by Duvessa
             ... wielding a +0 short sword of draining
              (11 damage)
             ... on level 7 of the Dungeon.
             The game lasted 00:15:17 (7763 turns).

Qrupt the Conjurer (Demigod Conjurer)               Turns: 7763, Time: 00:15:18

Health: -5/57      AC:  4    Str: 11    XL:     8   Next: 27%
Magic:  7/19       EV: 15    Int: 23    God:
Gold:   399        SH:  0    Dex: 16    Spells: 9/17 levels left

rFire    . . .     SeeInvis .   g - +0 short sword
rCold    . . .     Gourm    .   (no shield)
rNeg     . . .     Faith    .   a - +0 robe
rPois    .         Spirit   .   m - +0 helmet
rElec    .         Reflect  .   o - +0 cloak
rCorr    .         Harm     .   (no gloves)
MR       +....                  (no boots)
Stlth    ++........             (no amulet)
HPRegen  0.19/turn              r - ring of protection from magic
MPRegen  0.16/turn              q - +4 ring of evasion

@: heavily drained
A: high mp 1
a: no special abilities


You were on level 7 of the Dungeon.
You were not hungry.

You visited 1 branch of the dungeon, and saw 7 of its levels.

You collected 399 gold pieces.

Inventory:

Hand Weapons
 g - a +0 short sword (weapon)
Armour
 a - a +0 robe (worn)
 m - a +0 helmet (worn)
 o - a +0 cloak (worn)
Jewellery
 q - a +4 ring of evasion (right hand)
 r - a ring of protection from magic (left hand)
 y - a +6 ring of strength
 E - an uncursed ring of protection from cold
 F - a +6 ring of strength
Wands
 h - a wand of acid (9)
 B - a wand of flame (17)
 C - a wand of paralysis (11)
 I - a wand of digging (5)
Scrolls
 b - 3 scrolls of amnesia {unknown}
 e - 3 scrolls of enchant weapon
 f - 3 scrolls of teleportation
 k - 3 scrolls of identify
 p - 4 scrolls of fog
 s - 3 scrolls of remove curse
 u - a scroll of fear {unknown}
 v - 3 scrolls of magic mapping
 w - a scroll of noise {unknown}
 x - a scroll of immolation {unknown}
 D - 3 scrolls of random uselessness {unknown}
Potions
 d - 3 potions of lignification
 i - 2 potions of flight
 j - 7 potions of curing
 l - a potion of degeneration
 n - 2 potions of mutation {unknown}
 t - 3 potions of haste {unknown}
 z - 2 potions of berserk rage
 A - a potion of invisibility {unknown}
 G - 2 potions of might {unknown}
Comestibles
 c - 17 rations


   Skills:
 - Level 1.7(0.2) Dodging
 - Level 1.7(0.2) Stealth
 + Level 5.4(3.7) Spellcasting
 + Level 6.7(4.9) Conjurations
 - Level 2.0(0.4) Translocations
 + Level 3.7(2.1) Air Magic
 - Level 3.0(1.4) Poison Magic


You had 9 spell levels left.
You knew the following spells:

 Your Spells              Type           Power        Failure   Level  Hunger
a - Magic Dart            Conj           ####         1%          1    None
b - Searing Ray           Conj           ####..       1%          2    #......
c - Blink                 Tloc           N/A          14%         2    #......
d - Mephitic Cloud        Conj/Pois/Air  ###.....     10%         3    ###....

Your spell library contained the following spells:

 Spells                   Type           Power        Failure   Level  Hunger
 Conjure Flame            Conj/Fire      ###.....     12%         3    ###....
 Dazzling Flash           Conj/Hex       ###...       12%         3    ###....
 Call Imp                 Summ           #.......     16%         2    #......
 Slow                     Hex            #.......     16%         2    #......
 Iskenderun's Mystic Bla  Conj/Tloc      ###.....     34%         4    ####...
 Fulminant Prism          Conj/Hex       ###.......   36%         4    ####...


Dungeon Overview and Level Annotations

Branches:
Dungeon (7/15)             Temple (0/1) D:6

Annotations:
D:7 3 runed translucent doors, Duvessa; lasso's ghost, novice MiFi


Innate Abilities, Weirdness & Mutations

You have an increased reservoir of magic. (+10% MP)


Message History

* * * LOW HITPOINT WARNING * * *
The searing ray hits Duvessa.
Duvessa is almost dead.
You finish channeling your searing ray.
Duvessa closely misses you. x2
Casting: Searing Ray (safe; 1% risk of failure)
Confirm with . or Enter, or press ? or * to list all spells.
Aiming: Searing Ray (safe; 1% risk of failure)
Press: ? - help, Shift-Dir - straight line, f/p - Duvessa
Aim: Duvessa, wielding a +0 short sword of draining and wearing a +0 chain mail (almost dead, berserk)
The searing ray hits Duvessa.
Duvessa is almost dead. (Press . to maintain the ray.) Duvessa hits you with a +0 short sword of draining!
* * * LOW HITPOINT WARNING * * *
You feel drained.
* * * LOW HITPOINT WARNING * * *
The searing ray hits Duvessa but does no damage.
Duvessa is almost dead.
Duvessa hits you with a +0 short sword of draining!
You die...

.....##.#######.###.# #.#
##.....#.............# #.#
.###...#.######..##### #.#
......##.######.## #.#
.... #..)...##.# #.# ####
##..###.##.# #.#
...###(..# #.##.# #.#
.#.....#.###.##e## #.#
.###.#.......#.#@#######.#
.# #.###.###..###........#
.# #.# #.# #.#.#.#########
.. ... ..# #.##.## ## #..
........# ###. ######### .
##


You could see Duvessa (berserk).

Vanquished Creatures
  Menkaure (D:7)
  A sky beast (D:6)
  An ice beast (D:5)
  An ogre (D:5)
  A centaur (D:7)
  A bullfrog (D:6)
  Dowan (D:7)
  A water moccasin skeleton (D:4)
  5 wights (D:6)
  A howler monkey (D:5)
  3 hounds
  2 crimson imps
  2 orc priests
  An iguana (D:6)
  5 worker ants
  3 orc wizards
  A hound skeleton (D:7)
  10 adders
  2 oozes
  A worm (D:3)
  A dart slug (D:5)
  A leopard gecko (D:2)
  13 orcs
  2 ball pythons
  2 giant cockroaches
  5 hobgoblins
  11 jackals
  2 quokkas
  6 bats
  7 frilled lizards
  3 goblins
  4 kobolds
  A quokka zombie (D:7)
  4 rats
106 creatures vanquished.

Notes
Turn   | Place    | Note
-------+----------+-------------------------------------------
     0 | D:1      | Qrupt the Demigod Conjurer began the quest for the Orb.
     0 | D:1      | Reached XP level 1. HP: 14/14 MP: 5/5
   817 | D:1      | Reached XP level 2. HP: 20/20 MP: 5/7
  1116 | D:2      | Reached skill level 4 in Conjurations
  1400 | D:2      | Reached XP level 3. HP: 26/26 MP: 3/9
  1404 | D:2      | Learned a level 2 spell: Searing Ray
  1950 | D:2      | Reached XP level 4. HP: 33/33 MP: 0/11
  2573 | D:3      | Found an ornate altar of the Wu Jian Council.
  3323 | D:3      | Found a hazy altar of Hepliaklqana.
  3520 | D:4      | Found a basalt altar of Yredelemnul.
  3556 | D:4      | Reached skill level 5 in Conjurations
  3556 | D:4      | Reached XP level 5. HP: 33/38 MP: 1/13
  4189 | D:4      | Found a blossoming altar of Fedhas.
  4228 | D:5      | Entered Level 5 of the Dungeon
  4228 | D:5      | Noticed an ice beast
  4236 | D:5      | Killed an ice beast
  4236 | D:5      | Reached XP level 6. HP: 11/45 MP: 5/15
  4468 | D:5      | Learned a level 2 spell: Blink
  4472 | D:5      | Learned a level 3 spell: Mephitic Cloud
  4601 | D:5      | Found an ancient bone altar of Kikubaaqudgha.
  4978 | D:5      | Reached skill level 1 in Translocations
  4978 | D:5      | Reached skill level 1 in Poison Magic
  5023 | D:5      | Reached skill level 1 in Air Magic
  5501 | D:5      | Found a shimmering blue altar of Sif Muna.
  5664 | D:6      | Reached XP level 7. HP: 50/50 MP: 9/17
  5848 | D:6      | Found a staircase to the Ecumenical Temple.
  6118 | D:6      | Reached skill level 6 in Conjurations
  6321 | D:6      | Found a burning altar of Makhleb.
  6937 | D:7      | Found a sacrificial altar of Ru.
  6967 | D:7      | Reached skill level 5 in Spellcasting
  7161 | D:7      | Reached XP level 8. HP: 42/57 MP: 4/19
  7303 | D:7      | Noticed Menkaure
  7307 | D:7      | Killed Menkaure
  7354 | D:7      | Found a runed translucent gate.
  7354 | D:7      | Found a runed translucent gate.
  7354 | D:7      | Found a runed translucent gate.
  7439 | D:7      | Noticed lasso's ghost (novice MiFi)
  7441 | D:7      | Noticed Dowan
  7450 | D:7      | Killed Dowan
  7490 | D:7      | Found a radiant altar of Vehumet.
  7752 | D:7      | Noticed Duvessa
  7763 | D:7      | Slain by Duvessa

Illustrated notes

Levels and vault maps discovered:
D:1:      dpeg_arrival_signposts, layout_basic
D:2:      minmay_razor_zed, layout_basic, first_ration
D:3:      layout_loops_corners, nicolae_overflow_hidden_temple,
          lemuel_coloured_pillars_altar
D:4:      layout_rooms, lemuel_round_altar, marbit_many_paths
D:5:      layout_loops_cross, led_sif_pool, nicolae_overflow_crystal_walls
D:6:      layout_basic, overflow_temple_1_default,
          minmay_temple_entry_stoned_glass
D:7:      layout_loops_ring, vehumet_crystals, kennysheep_mini,
          gammafunk_ghost_icy, uniq_menkaure, uniq_duvessa

Skill      XL: |  1  2  3  4  5  6  7  8 |
---------------+-------------------------+-----
Spellcasting   | 2 3 4 5 |  5.4
Conjurations   | 4 5 6 |  6.7
Translocations | 1 2 |  2.0
Poison Magic   | 1 2 3 |  3.0
Air Magic      | 1 2 3 |  3.7
Dodging        | |  1.7
Stealth        | |  1.7

Action                   |  1- 3 |  4- 6 |  7- 9 || total
-------------------------+-------+-------+-------++-------
Melee: Short sword       |     2 |       |       ||     2
 Cast: Magic Dart        |    52 |   115 |   108 ||   275
       Searing Ray       |     1 |    12 |    12 ||    25
Evoke: Wand              |       |       |     1 ||     1
  Use: Scroll            |       |       |    11 ||    11
 Stab: Sleeping          |     1 |       |       ||     1
  Eat: Chunk             |     3 |    12 |     2 ||    17
       Ration            |       |       |     1 ||     1
Armor: Robe              |     2 |     3 |     3 ||     8
Dodge: Dodged            |    10 |    25 |    50 ||    85
